 Dungeon Crawl Stone Soup version 0.24-b1 (webtiles) character file.

Game seed: 984606698779962108, levelgen mode: deterministic

191617 Torious2 the Devastator (level 17, -13/97 HPs)
             Began as a Deep Elf Conjurer on Oct 13, 2019.
             Was a High Priest of Sif Muna.
             Shot with a bolt by a naga sharpshooter (19 damage)
             ... on level 2 of the Snake Pit.
             The game lasted 03:20:56 (23309 turns).

Torious2 the Devastator (Deep Elf Conjurer)        Turns: 23309, Time: 03:20:57

Health: -13/97     AC: 11    Str:  7    XL:     17   Next: 58%
Magic:  40/53      EV: 22    Int: 34    God:    Sif Muna [*****.]
Gold:   2392       SH:  6    Dex: 22    Spells: 3/46 levels left

rFire    + . .     SeeInvis +   p - staff of power {!a}
rCold    + . .     Gourm    .   Q - +0 buckler
rNeg     + . .     Faith    .   a - +2 robe {rC+ rF+}
rPois    .         Spirit   .   j - +2 hat {SInv}
rElec    .         Reflect  .   o - scarf {cloud immunity}
rCorr    .         Harm     .   g - +2 pair of gloves {Dex+3}
MR       ++...                  y - +1 pair of boots "Vyerac" {Dex+4}
Stlth    +++++.....             V - amulet of Poic {RegenMP rN+ MR+ Str+2 Int+6}
HPRegen  0.26/turn              m - ring of wizardry
MPRegen  0.58/turn              v - ring of stealth

@: deflect missiles
A: no striking features
}: 1/15 runes: barnacled
a: Channel Magic, Forget Spell, Divine Exegesis, Renounce Religion


You were on level 2 of the Snake Pit.
You worshipped Sif Muna.
Sif Muna was extremely pleased with you.
You were not hungry.

You visited 6 branches of the dungeon, and saw 28 of its levels.
You also visited: Trove and Sewer.

You collected 2534 gold pieces.
You spent 142 gold pieces at shops.

Inventory:

Hand Weapons
 u - the +8 rapier of the Lesser Evil {flame, rC+ Int+5}
   (You found it on level 4 of the Shoals)

   It has been specially enchanted to burn those struck by it, causing extra
   injury to most foes and up to half again as much damage against particularly
   susceptible opponents.
   It affects your intelligence (+5).
   It protects you from cold.
 M - the +6 flail of Luumujec {freeze, *Corrode +Fly rF++ Stlth+}
   (You found it on level 11 of the Dungeon)

   It has been specially enchanted to freeze those struck by it, causing extra
   injury to most foes and up to half again as much damage against particularly
   susceptible opponents.
   It can also slow down cold-blooded creatures.
   It greatly protects you from fire.
   It lets you fly.
   It may corrode you when you take damage.
   It makes you more stealthy.
 S - the +2 trident of Ashenzari's Delight {holy, rElec Stlth+}
   (You took it off a spriggan on level 11 of the Dungeon)

   It has been blessed by the Shining One to cause great damage to the undead
   and demons.
   It insulates you from electricity.
   It makes you more stealthy.
Armour
 a - a +2 robe of resistance (worn)
 g - a +2 pair of gloves of dexterity (worn)
 j - a +2 hat of see invisible (worn)
 o - a scarf of cloud immunity (worn)
 y - the +1 pair of boots "Vyerac" (worn) {Dex+4}
   (You found it in a treasure trove)

   It affects your dexterity (+4).
 Q - a +0 buckler (worn)
Magical Staves
 c - an uncursed staff of conjuration {!a}
 e - an uncursed staff of energy {!a}
 p - an uncursed staff of power (weapon) {!a}
 q - an uncursed staff of poison {!a}
Jewellery
 f - an uncursed ring of wizardry
 h - an uncursed ring of resist corrosion
 m - a ring of wizardry (left hand)
 v - a ring of stealth (right hand)
 T - an uncursed ring of protection from fire
 V - the amulet of Poic (around neck) {RegenMP rN+ MR+ Str+2 Int+6}
   (You found it on level 6 of the Dungeon)

   [amulet of magic regeneration]

   It increases your magic regeneration.
   It affects your strength (+2).
   It affects your intelligence (+6).
   It protects you from negative energy.
   It affects your resistance to hostile enchantments.
Wands
 d - a wand of acid (5)
 E - a wand of clouds (4)
 G - a wand of digging (13)
 J - a wand of iceblast (52)
 N - a wand of scattershot (10)
Scrolls
 n - 4 scrolls of fog
 s - 6 scrolls of amnesia
 x - 14 scrolls of teleportation
 L - 2 scrolls of magic mapping
 P - a scroll of fear
 R - 8 scrolls of remove curse
 X - 3 scrolls of blinking
Potions
 b - 14 potions of curing
 k - a potion of magic {unknown}
 l - 3 potions of ambrosia {unknown}
 t - 6 potions of flight {unknown}
 w - 6 potions of heal wounds
 z - 4 potions of haste
 F - 3 potions of brilliance {unknown}
 U - a potion of cancellation {unknown}
 W - 2 potions of agility
 Z - 4 potions of invisibility {unknown}
Comestibles
 i - 10 chunks of flesh
 C - 46 rations


   Skills:
 - Level 8.0 Fighting
 - Level 11.0 Dodging
 - Level 6.0 Stealth
 - Level 4.0 Shields
 - Level 15.0 Spellcasting
 + Level 19.0 Conjurations
 - Level 8.0 Charms
 - Level 6.0 Necromancy
 - Level 6.0 Fire Magic
 * Level 14.2 Ice Magic
 - Level 6.0 Air Magic
 - Level 10.0 Invocations
 + Level 4.9 Evocations


You had 3 spell levels left.
You knew the following spells:

 Your Spells              Type           Power        Failure   Level  Hunger
a - Magic Dart            Conj           ####         0%          1    None
b - Searing Ray           Conj           ######       0%          2    None
c - Force Lance           Conj/Tloc      ######..     1%          4    None
d - Iskenderun's Mystic   Conj           ########     0%          4    None
e - Fulminant Prism       Conj/Hex       ######....   1%          4    None
f - Freezing Cloud        Conj/Ice/Air   #######...   1%          6    ##.....
g - Conjure Flame         Conj/Fire      #######.     1%          3    None
h - Sticky Flame          Conj/Fire      #######.     1%          4    None
k - Deflect Missiles      Chrm/Air       ######....   6%          6    ##.....
o - Blink                 Tloc           N/A          1%          2    None
q - Sublimation of Blood  Necr           ######....   1%          2    None
v - Fireball              Conj/Fire      #######...   1%          5    None

Your spell library contained the following spells:

 Spells                   Type           Power        Failure   Level  Hunger
 Flame Tongue             Conj/Fire      #####        0%          1    None
 Freeze                   Ice            ####         0%          1    None
 Shock                    Conj/Air       ####         0%          1    None
 Throw Flame              Conj/Fire      ######       0%          2    None
 Animate Skeleton         Necr           N/A          1%          1    None
 Apportation              Tloc           ####..       1%          1    None
 Confusing Touch          Hex            ####..       1%          1    None
 Corona                   Hex            ####...      1%          1    None
 Sandblast                Erth           ####..       1%          1    None
 Sting                    Conj/Pois      ####         1%          1    None
 Summon Small Mammal      Summ           ####         1%          1    None
 Call Imp                 Summ           ####....     1%          2    None
 Ensorcelled Hibernation  Hex/Ice        ######       1%          2    None
 Passwall                 Tmut/Erth      ####....     1%          2    None
 Poisonous Vapours        Pois/Air       #####.       1%          2    None
 Slow                     Hex            ####....     1%          2    None
 Confuse                  Hex            ####....     1%          3    None
 Dazzling Spray           Conj/Hex       ######       1%          3    None
 Ignite Poison            Fire/Tmut/Pois #####...     1%          3    None
 Inner Flame              Hex/Fire       #####...     1%          3    None
 Mephitic Cloud           Conj/Pois/Air  ######..     1%          3    None
 Recall                   Summ/Tloc      N/A          1%          3    None
 Spider Form              Tmut/Pois      ####......   1%          3    None
 Static Discharge         Conj/Air       #######.     1%          3    None
 Stone Arrow              Conj/Erth      ######       1%          3    None
 Tukima's Dance           Hex            ####....     1%          3    None
 Animate Dead             Necr           N/A          1%          4    None
 Bolt of Draining         Conj/Necr      #######...   1%          5    None
 Bolt of Magma            Conj/Fire/Erth ######....   1%          5    None
 Dispel Undead            Necr           ######..     1%          5    None
 Excruciating Wounds      Chrm/Necr      ######....   1%          5    None
 Irradiate                Conj/Tmut      ######....   1%          5    None
 Lightning Bolt           Conj/Air       #######...   1%          5    None
 Metabolic Englaciation   Hex/Ice        ######....   1%          5    None
 Venom Bolt               Conj/Pois      ######....   1%          5    None
 Bolt of Fire             Conj/Fire      #######...   1%          6    ##.....
 Conjure Ball Lightning   Conj/Air       #######...   1%          6    ##.....
 Poison Arrow             Conj/Pois      ######....   1%          6    ##.....
 Simulacrum               Ice/Necr       #######...   1%          6    ##.....
 Borgnjor's Vile Clutch   Necr/Erth      #####.....   5%          5    None
 Silence                  Hex/Air        #####.....   5%          5    None
 Petrify                  Tmut/Erth      ####....     6%          4    None
 Death Channel            Necr           ######....   9%          6    ##.....
 Alistair's Intoxication  Tmut/Pois      ####....     17%         5    None
 Lee's Rapid Deconstruct  Erth           ####......   17%         5    None
 Summon Demon             Summ           ####......   17%         5    None
 Yara's Violent Unravell  Hex/Tmut       ####......   17%         5    None
 Chain Lightning          Conj/Air       #######...   24%         8    ######.
 Glaciate                 Conj/Ice       #######...   54%         9    #######
 Lehudib's Crystal Spear  Conj/Erth      ######....   61%         8    ######.
 Dispersal                Tloc           ####......   65%         6    ##.....
 Haunt                    Necr/Summ      #####.....   80%         7    ####...
 Death's Door             Chrm/Necr      ######....   90%         8    ######.
 Fire Storm               Conj/Fire      #######...   97%         9    #######
 Disjunction              Tloc           ####......   100%        8    ######.


Dungeon Overview and Level Annotations

Branches:
Dungeon (13/15)            Temple (1/1) D:5            Lair (6/6) D:8
 Shoals (4/4) Lair:2        Snake (2/4) Lair:4        Slime (0/5) Lair:5
    Orc (2/2) D:11            Elf (0/3) Orc:2        Vaults (0/5) D:13
  Sewer (visited)

Altars:
Ashenzari
Cheibriados
Dithmenos
Elyvilon
Fedhas
Gozag
Hepliaklqana
Kikubaaqudgha
Makhleb
Nemelex Xobeh
Qazlal
Ru
Sif Muna
Trog
Uskayaw
Vehumet
Xom
Yredelemnul
The Shining One
Beogh
Jiyva

Shops:
D:11 (   D:12 (   Orc:2 }?(!

Portals:
Pandemonium: Orc:2

Annotations:
D:5 3 runed translucent doors, mora's ghost, novice DEFE
D:13 Nessos
Lair:2 2 transporters; stuff, Eronugy's ghost, journeyman DrCj
Shoals:1 2 transporters, Mifunt's ghost, adept DDFi


Message History

The naga sharpshooter mumbles some strange words.
The naga sharpshooter magically shoots a bolt.
You deflect the bolt!
Casting: Iskenderun's Mystic Blast (safe; 0% risk of failure)
Confirm with . or Enter, or press ? or * to list all spells.
Aiming: Iskenderun's Mystic Blast (safe; 0% risk of failure)
Press: ? - help, Shift-Dir - straight line, f/p - naga sharpshooter
Aim: a naga sharpshooter, wielding a +0 arbalest and wearing a +0 robe (freezing vapour, heavily wounded)
The orb of energy hits the naga sharpshooter!
The naga sharpshooter is severely wounded.
The naga sharpshooter is engulfed in freezing vapours.
The naga sharpshooter mumbles some strange words.
The naga sharpshooter magically shoots a bolt.
The bolt hits you!!
* * * LOW HITPOINT WARNING * * *
The naga sharpshooter is engulfed in freezing vapours.
The naga sharpshooter gestures wildly while chanting.
The naga sharpshooter magically shoots a bolt.
The bolt hits you!!
You die...

#....##..####..##
#....##.>###....##
......##........###
....#.##.#...##..#.
#............##....
##..#..####.####...
#..#.# #..# #... ####
#..#.# #.## #... .N...
#@...####.# #...
......#§§§..##..# ##...
..>...§§§.......# ##....
.....8§§§.......###.....
....§§§..#####.........#
.8.8N§§§## #...###...#
...§§§..# #..## ##...
.§§§N8..# ##..# ##.(
..>N..... ..## ##.


You could see 2 naga sharpshooters.

Vanquished Creatures
  A kraken (Shoals:2)
  Donald (Orc:2)
  A nagaraja (Snake:1)
  Ilsuiw (Shoals:4)
  An ettin (Orc:2)
  4 merfolk javelineers (Shoals:4)
  9 merfolk impalers
  A fire dragon (D:8)
  The ghost of Qedol the Arsonist, a journeyman DrFE of Sif Muna (D:11)
  Erolcha (Orc:1)
  5 vault guards (D:13)
  8 hydras
  Erica (D:9)
  4 merfolk avatars
  7 anacondas
  A catoblepas (Lair:6)
  3 two-headed ogres
  7 merfolk aquamancers
  A deep troll shaman (Lair:6)
  3 satyrs
  A tengu warrior (D:13)
  24 death yaks
  3 naga sharpshooters (Snake:1)
  5 orc high priests (Orc:2)
  Urug (Orc:1)
  3 shock serpents
  A deep elf knight (D:13)
  A soul eater (Orc:2)
  Sonja (Lair:3)
  A fire crab (Lair:6)
  A salamander mystic (Snake:2)
  10 sea snakes
  An infernal demonspawn (Orc:2)
  4 orc knights (Orc:2)
  Pikel (D:7)
  16 harpies
  9 orc sorcerers
  3 ugly things (D:11)
  5 naga ritualists
  14 manticores
  3 mana vipers (Snake:1)
  4 salamanders
  2 oklob plants (D:10)
  8 cyclopes
  11 fauns
  3 elephants (Lair:6)
  Psyche (D:10)
  A rust devil (Orc:2)
  30 black mambas
  8 merfolk sirens
  12 naga magi
  7 water nymphs
  A torpor snail (Lair:2)
  16 spiny frogs
  2 rime drakes
  9 komodo dragons
  An ice devil (Orc:2)
  A red devil (Orc:2)
  A tengu conjurer (D:13)
  5 polar bears
  28 merfolk
  5 hornets
  3 wind drakes
  2 trolls
  11 blink frogs
  10 dream sheep
  12 hippogriffs
  8 snapping turtles
  21 water elementals
  A vampire (D:12)
  34 yaks
  5 wyverns
  4 spriggans (D:11)
  A ynoxinul (Orc:2)
  3 vampire mosquitoes (D:13)
  9 nagas
  A warg (Orc:1)
  An acid dragon (D:11)
  16 porcupines
  14 water moccasins
  3 sky beasts
  35 orc warriors
  2 eyes of draining
  A necrophage (D:6)
  8 phantoms
  6 black bears
  10 ogres
  17 centaurs
  13 wolves
  13 crocodiles
  3 big kobolds
  18 bullfrogs
  A wyvern zombie (D:12)
  2 wyvern skeletons
  6 scorpions
  A killer bee (shapeshifter) (D:11)
  9 killer bees
  3 electric eels (Lair:2)
  3 howler monkeys
  4 wights
  6 crimson imps
  A centaur zombie (D:5)
  2 bullfrog zombies
  A jelly (D:6)
  A centaur skeleton (D:10)
  5 hounds
  30 orc priests
  A bullfrog skeleton (D:6)
  5 iguanas
  7 hell rats (Lair:5)
  28 orc wizards
  8 worker ants
  2 hound zombies (D:6)
  A howler monkey zombie (D:6)
  12 gnolls
  11 adders
  2 river rats (Sewer)
  3 shadow imps
  2 worms
  5 dart slugs
  6 leopard geckos
  90 orcs
  10 giant cockroaches
  8 goblins
  7 hobgoblins
  14 jackals
  19 kobolds
  6 quokkas
  3 ball pythons
  5 bats
  2 frilled lizards (D:1)
  A jackal skeleton (D:6)
  A quokka skeleton (D:5)
  12 rats
  A bush (Lair:2)
  A fungus (Lair:6)
  36 plants
994 creatures vanquished.

Vanquished Creatures (others)
  An unseen horror (D:13)
  A shadow imp (D:7)
  45 fulminant prisms
  6 fungi
  13 plants
  4 tentacles (Shoals:2)
70 creatures vanquished.

Grand Total: 1064 creatures vanquished

Notes
Turn   | Place    | Note
-------+----------+-------------------------------------------
     0 | D:1      | Torious2 the Deep Elf Conjurer began the quest for the Orb.
     0 | D:1      | Reached XP level 1. HP: 10/10 MP: 6/6
   158 | D:1      | Reached XP level 2. HP: 15/15 MP: 1/8
   162 | D:1      | Learned a level 2 spell: Searing Ray
   319 | D:1      | Reached skill level 5 in Conjurations
   636 | D:2      | Reached XP level 3. HP: 19/19 MP: 5/10
   686 | D:2      | Found a white marble altar of Elyvilon.
   801 | D:2      | Found a stormy altar of Qazlal.
  1110 | D:2      | Found a faded altar of an unknown god.
  1677 | D:3      | Found a hide-covered altar of Uskayaw.
  1680 | D:3      | Reached XP level 4. HP: 24/24 MP: 8/12
  1904 | D:3      | Reached skill level 6 in Conjurations
  1904 | D:3      | Reached XP level 5. HP: 28/28 MP: 9/13
  1910 | D:3      | Learned a level 4 spell: Force Lance
  1915 | D:3      | Learned a level 4 spell: Fulminant Prism
  2329 | D:2      | Found a sparkling altar of Nemelex Xobeh.
  2443 | D:4      | Got an ancient robe
  2454 | D:4      | Identified the cursed +1 robe of Venkuehou {Int+4} (You
                  | found it on level 4 of the Dungeon)
  2522 | D:4      | Reached XP level 6. HP: 32/32 MP: 5/14
  2699 | D:4      | Found a shadowy altar of Dithmenos.
  2755 | D:4      | Reached skill level 7 in Conjurations
  2850 | D:4      | Reached skill level 1 in Fighting
  3139 | D:5      | Entered Level 5 of the Dungeon
  3209 | D:5      | Noticed a sky beast
  3261 | D:5      | Reached XP level 7. HP: 24/38 MP: 7/15
  3352 | D:5      | Found a runed translucent gate.
  3353 | D:5      | Found a runed translucent gate.
  3360 | D:5      | Found a runed translucent gate.
  3360 | D:5      | Found an opulent altar of Gozag.
  3363 | D:5      | Noticed mora's ghost (novice DEFE)
  3386 | D:5      | Found a sacrificial altar of Ru.
  3680 | D:5      | Found a glowing drain.
  3688 | Sewer    | Entered a sewer
  3811 | Sewer    | Reached skill level 8 in Conjurations
  3847 | Sewer    | Reached skill level 5 in Dodging
  3859 | Sewer    | Found a white marble altar of Elyvilon.
  3934 | D:5      | Found a staircase to the Ecumenical Temple.
  3940 | Temple   | Entered the Ecumenical Temple
  3984 | Temple   | Became a worshipper of Sif Muna the Loreminder
  4383 | D:6      | Reached XP level 8. HP: 43/44 MP: 5/16
  4574 | D:6      | Reached skill level 5 in Spellcasting
  4626 | D:6      | Reached skill level 9 in Conjurations
  4762 | D:6      | Got a flickering sapphire amulet
  4764 | D:6      | Identified the amulet of Poic {RegenMP rN+ MR+ Str+2 Int+6}
                  | (You found it on level 6 of the Dungeon)
  4770 | D:6      | Learned a level 4 spell: Iskenderun's Mystic Blast
  5078 | D:6      | Reached skill level 10 in Conjurations
  5094 | D:6      | Reached * piety under Sif Muna
  5106 | D:6      | Learned a level 4 spell: Sticky Flame
  5197 | D:6      | Reached XP level 9. HP: 35/48 MP: 8/20
  5455 | D:6      | Reached skill level 1 in Invocations
  5711 | D:6      | Found a snail-covered altar of Cheibriados.
  5788 | D:6      | Reached ** piety under Sif Muna
  5788 | D:6      | Reached skill level 11 in Conjurations
  5967 | D:7      | Learned a level 3 spell: Conjure Flame
  6716 | D:8      | Found an opulent altar of Gozag.
  6835 | D:7      | Noticed Pikel
  6839 | D:7      | Killed Pikel
  6839 | D:7      | Reached XP level 10. HP: 32/53 MP: 15/24
  7032 | D:7      | Reached skill level 12 in Conjurations
  7671 | D:8      | Found a staircase to the Lair.
  7770 | D:8      | Noticed a fire dragon
  7970 | D:8      | Reached *** piety under Sif Muna
  8098 | D:9      | Noticed Erica
  8153 | D:10     | Entered Level 10 of the Dungeon
  8153 | D:10     | Noticed a two-headed ogre
  8175 | D:9      | Found an ancient bone altar of Kikubaaqudgha.
  8299 | D:9      | Reached skill level 5 in Invocations
  8330 | D:9      | Found an ancient bone altar of Kikubaaqudgha.
  8352 | D:9      | Noticed a cyclops
  8356 | D:9      | Killed a cyclops
  8436 | D:9      | Killed Erica
  8474 | D:9      | Reached skill level 13 in Conjurations
  8580 | D:9      | Reached skill level 10 in Spellcasting
  8581 | D:9      | Paralysed by a hornet for 3 turns
  8809 | D:10     | Killed a two-headed ogre
  8809 | D:10     | Reached XP level 11. HP: 47/57 MP: 1/27
  8867 | D:10     | Reached **** piety under Sif Muna
  8948 | D:10     | Noticed Psyche
  8954 | D:10     | Killed Psyche
  9001 | D:10     | Learned a level 5 spell: Fireball
  9308 | D:10     | Found a blossoming altar of Fedhas.
  9310 | D:10     | Noticed an oklob plant
  9310 | D:10     | Noticed an oklob plant
  9578 | Lair:1   | Entered Level 1 of the Lair of Beasts
  9584 | Lair:1   | Reached skill level 14 in Conjurations
  9596 | Lair:1   | Reached skill level 1 in Fire Magic
  9953 | Lair:1   | Noticed an eight-headed hydra
  9966 | Lair:1   | Killed an eight-headed hydra
 10175 | Lair:2   | Noticed a seven-headed hydra
 10180 | Lair:2   | Killed a seven-headed hydra
 10233 | Lair:2   | Found a staircase to the Shoals.
 10289 | Lair:2   | Reached XP level 12. HP: 50/66 MP: 19/29
 10298 | Lair:2   | Reached ***** piety under Sif Muna
 10377 | Lair:2   | Identified Sif Muna's Papyrus of Lightness (Sif Muna gifted
                  | it to you on level 2 of the Lair of Beasts)
 10377 | Lair:2   | Received a gift from Sif Muna
 10386 | Lair:2   | Learned a level 6 spell: Freezing Cloud
 10462 | Lair:2   | Found a transporter.
 10464 | Lair:2   | Noticed a death yak
 10465 | Lair:2   | Noticed Eronugy's ghost (journeyman DrCj)
 10466 | Lair:2   | Found a transporter.
 10586 | Lair:2   | Reached skill level 1 in Ice Magic
 10587 | Lair:2   | Reached skill level 1 in Air Magic
 10590 | Lair:2   | Noticed a six-headed hydra
 10604 | Lair:2   | Killed a six-headed hydra
 10744 | Lair:3   | Noticed Sonja
 10750 | Lair:3   | Killed Sonja
 10851 | Lair:3   | Reached skill level 5 in Fighting
 10856 | Lair:3   | Noticed a seven-headed hydra
 10860 | Lair:3   | Killed a seven-headed hydra
 10950 | Lair:3   | Noticed a five-headed hydra
 10953 | Lair:3   | Killed a five-headed hydra
 11050 | Lair:3   | Reached skill level 5 in Ice Magic
 11218 | Lair:4   | Reached skill level 5 in Air Magic
 11349 | Lair:4   | Found a staircase to the Snake Pit.
 11424 | Lair:4   | Reached skill level 1 in Shields
 11534 | Lair:4   | Reached XP level 13. HP: 44/74 MP: 3/31
 11993 | Lair:5   | Found a viscous altar of Jiyva.
 11993 | Lair:5   | Found a staircase to the Slime Pits.
 12064 | Lair:5   | Identified Equo's Almanac of Floating Necromancy (Sif Muna
                  | gifted it to you on level 5 of the Lair of Beasts)
 12064 | Lair:5   | Received a gift from Sif Muna
 12636 | Lair:6   | Entered Level 6 of the Lair of Beasts
 12671 | Lair:6   | Reached skill level 15 in Conjurations
 13028 | Lair:6   | Found a hide-covered altar of Uskayaw.
 13235 | Lair:6   | Reached XP level 14. HP: 80/80 MP: 13/33
 13238 | Lair:6   | Reached skill level 5 in Stealth
 13257 | Lair:6   | Reached skill level 5 in Fire Magic
 13531 | Lair:6   | Reached skill level 16 in Conjurations
 13608 | Lair:6   | Received a gift from Sif Muna
 13692 | Lair:6   | Learned a level 2 spell: Sublimation of Blood
 13738 | Lair:6   | Reached skill level 1 in Necromancy
 14212 | D:11     | Found Diettarch's Antique Weapon Boutique.
 14436 | D:11     | Found a runed translucent door.
 14437 | D:11     | Identified the cursed +2 trident of Ashenzari's Delight
                  | {holy, rElec Stlth+}
 14439 | D:11     | Noticed Qedol's ghost (journeyman DrFE)
 14449 | D:11     | Killed Qedol's ghost
 14491 | D:11     | Got a brightly glowing flail
 14638 | D:11     | Found a staircase to the Orcish Mines.
 15013 | D:12     | Identified Sif Muna's Catalogue of the Harmful Voyage (Sif
                  | Muna gifted it to you on level 12 of the Dungeon)
 15013 | D:12     | Received a gift from Sif Muna
 15274 | D:12     | Found Tampets's Antique Weapon Emporium.
 15607 | D:12     | Reached skill level 10 in Dodging
 15723 | D:12     | Found a portal to a secret trove of treasure.
 15809 | D:12     | Identified a scroll of acquirement
 16549 | D:13     | Learned a level 6 spell: Deflect Missiles
 16555 | D:13     | Found a gate to the Vaults.
 16565 | D:13     | Reached XP level 15. HP: 83/85 MP: 3/35
 16602 | D:13     | Reached skill level 1 in Charms
 16864 | D:13     | Noticed Nessos
 17132 | Orc:1    | Entered Level 1 of the Orcish Mines
 17240 | Orc:1    | Identified Sif Muna's Handbook of Changing and Conjuration
                  | (Sif Muna gifted it to you on level 1 of the Orcish Mines)
 17240 | Orc:1    | Received a gift from Sif Muna
 17416 | Orc:1    | Noticed Erolcha
 17420 | Orc:1    | Killed Erolcha
 17453 | Orc:1    | Noticed Urug
 17457 | Orc:1    | Killed Urug
 17579 | Orc:2    | Entered Level 2 of the Orcish Mines
 17639 | Orc:2    | Found a roughly hewn altar of Beogh.
 17824 | Orc:2    | Found a staircase to the Elven Halls.
 18179 | Orc:2    | Found Sola's Distillery.
 18274 | Orc:2    | Found Xoczun's Magic Scroll Shoppe.
 18357 | Orc:2    | Noticed Donald
 18369 | Orc:2    | Killed Donald
 18369 | Orc:2    | Reached skill level 5 in Necromancy
 18423 | Orc:2    | Bought a scroll of blinking for 112 gold pieces
 18423 | Orc:2    | Bought a scroll of identify for 30 gold pieces
 18435 | Orc:2    | Received a gift from Sif Muna
 18617 | Orc:2    | Reached skill level 5 in Charms
 18639 | Orc:2    | Found Ucway's Antique Weapon Boutique.
 18639 | Orc:2    | Found Juilis's Gadget Shop.
 18651 | Orc:2    | Found a one-way gate leading to the halls of Pandemonium.
 19041 | D:12     | You paid a toll of +2 fire dragon scales to enter a
                  | treasure trove
 19042 | Trove    | Entered a treasure trove
 19127 | Trove    | Got a pair of dazzling boots
 19138 | Trove    | Identified the +1 pair of boots "Vyerac" {Dex+4} (You found
                  | it in a treasure trove)
 19163 | D:12     | Identified the +6 flail of Luumujec {freeze, *Corrode +Fly
                  | rF++ Stlth+} (You found it on level 11 of the Dungeon)
 19361 | Shoals:1 | Entered Level 1 of the Shoals
 19361 | Shoals:1 | Found a transporter.
 19361 | Shoals:1 | Identified the +4 trident of the Hierophant {elec, Str+4}
 19371 | Shoals:1 | Reached skill level 17 in Conjurations
 19808 | Shoals:1 | Found a transporter.
 19819 | Shoals:1 | Reached skill level 10 in Ice Magic
 19862 | Shoals:1 | Identified the cursed +1 trident of Division {chaos, rElec
                  | rC- MR++ Int+4}
 19870 | Shoals:1 | Found a bloodstained altar of Trog.
 19876 | Shoals:1 | Noticed Mifunt's ghost (adept DDFi)
 20128 | Shoals:2 | Reached XP level 16. HP: 90/92 MP: 8/36
 20172 | Shoals:2 | Reached skill level 15 in Spellcasting
 20177 | Shoals:2 | Learned a level 2 spell: Blink
 20287 | Shoals:3 | Identified Sif Muna's Further Steps in Spellcraft (Sif Muna
                  | gifted it to you on level 3 of the Shoals)
 20287 | Shoals:3 | Received a gift from Sif Muna
 20525 | Shoals:2 | Noticed a kraken
 20535 | Shoals:2 | Killed a kraken
 20690 | Shoals:3 | Noticed a kraken
 21111 | Shoals:4 | Entered Level 4 of the Shoals
 21155 | Shoals:4 | Noticed Ilsuiw
 21162 | Shoals:4 | Killed Ilsuiw
 21300 | Shoals:4 | Reached skill level 18 in Conjurations
 21451 | Shoals:4 | Got a jewelled rapier
 21471 | Shoals:4 | Identified Huetamn's Tome of Confrontation and Flight (Sif
                  | Muna gifted it to you on level 4 of the Shoals)
 21471 | Shoals:4 | Received a gift from Sif Muna
 21474 | Shoals:4 | Reached skill level 10 in Invocations
 21554 | Shoals:4 | Got a barnacled rune of Zot
 21941 | Shoals:4 | Reached XP level 17. HP: 81/97 MP: 14/38
 22077 | Shoals:4 | Reached skill level 1 in Evocations
 22270 | Lair:2   | Identified the +8 rapier of the Lesser Evil {flame, rC+
                  | Int+5} (You found it on level 4 of the Shoals)
 22351 | Snake:1  | Entered Level 1 of the Snake Pit
 22547 | Snake:1  | Identified Sif Muna's Reference Book on Hurtful Ice (Sif
                  | Muna gifted it to you on level 1 of the Snake Pit)
 22547 | Snake:1  | Received a gift from Sif Muna
 23179 | Snake:2  | Reached skill level 19 in Conjurations
 23309 | Snake:2  | Shot with a bolt by a naga sharpshooter

Skill      XL: |  1  2  3  4  5  6  7  8  9 10 11 12 13 14 15 16 17 |
---------------+----------------------------------------------------+-----
Conjurations   | 5 6 7 8 10 11 13 14 15 16 17 18 19 | 19.0
Spellcasting   | 4 6 8 10 11 12 13 14 15 | 15.0
Stealth        | 3 4 6 |  6.0
Dodging        | 3 4 5 7 8 10 11 | 11.0
Fighting       | 1 2 3 6 7 8 |  8.0
Invocations    | 4 6 7 8 10 | 10.0
Fire Magic     | 3 4 6 |  6.0
Ice Magic      | 6 8 10 12 14 | 14.2
Air Magic      | 5 6 |  6.0
Shields        | 1 4 |  4.0
Necromancy     | 3 6 |  6.0
Charms         | 7 8 |  8.0
Evocations     | 4 |  4.9

Action                   |  1- 3 |  4- 6 |  7- 9 | 10-12 | 13-15 | 16-18 || total
-------------------------+-------+-------+-------+-------+-------+-------++-------
Melee: Short sword       |     5 |     3 |     1 |       |       |       ||     9
       Dagger            |       |       |    26 |     2 |    13 |       ||    41
       Trident           |       |       |       |       |       |     1 ||     1
 Cast: Magic Dart        |    84 |    31 |    61 |    63 |    41 |    14 ||   294
       Searing Ray       |     1 |    28 |    57 |    47 |    17 |       ||   150
       Fulminant Prism   |       |       |    12 |    27 |     6 |       ||    45
       Iskenderun's Myst |       |       |    10 |    66 |    86 |    34 ||   196
       Force Lance       |       |       |       |    34 |    70 |    57 ||   161
       Sticky Flame      |       |       |       |    29 |    78 |     4 ||   111
       Fireball          |       |       |       |    38 |   128 |    13 ||   179
       Freezing Cloud    |       |       |       |       |   144 |   149 ||   293
       Conjure Flame     |       |       |       |       |    12 |       ||    12
       Deflect Missiles  |       |       |       |       |     1 |     5 ||     6
Invok: Channel Magic     |       |       |       |     2 |     1 |     3 ||     6
Evoke: Wand              |       |       |     8 |       |       |       ||     8
  Use: Scroll            |       |     6 |     4 |     4 |    15 |     4 ||    33
       Potion            |       |       |       |     2 |     1 |     2 ||     5
 Stab: Sleeping          |       |     3 |     2 |     2 |       |       ||     7
  Eat: Chunk             |     1 |     6 |    12 |    15 |    42 |    16 ||    92
       Ration            |       |       |       |       |       |     1 ||     1
Armor: Robe              |     3 |       |    30 |    19 |    30 |    13 ||    95
Dodge: Dodged            |    11 |     6 |    83 |    85 |   184 |   200 ||   569
       Deflected         |       |       |       |       |     9 |    65 ||    74
Block: Other             |       |     2 |    10 |       |       |       ||    12
       Buckler           |       |       |       |       |    45 |    57 ||   102
